AoeStats
← Adrianca019

MegaRandom

508861148Analyzed
4v4 RM · 7d ago on Sep 24, 2026· 55m 59s· 8 players
Game mode
Random Map
Map size
Large (8 player)
Population
200
Speed
Normal
Resources
Standard
Victory
Conquest
Starting age
Dark Age
Ending age
Imperial Age
RankedLock teamsTeams togetherTeam positionsShared explorationLock speedFull tech treeHidden civsTurbo modeCheats
Victory
Defeat
🇭🇰 Slavs · Hong Kong SAR China
1045
+9
🇨🇳 Varangians · China
967
+11
🇨🇳 Tatars · China
834
+17
🇦🇷 Spanish · Argentina
818
+16
🇩🇪 Saxons · Germany
934
-16
🇩🇪 Varangians · Germany
868
-14
🇨🇳 Mapuche · China
849
-13
🇦🇷 Huns · Argentina
783
-10
Matze91
10:49 Feudal Age
10:46 Loom
15:11 Castle Age
13:22 Double-Bit Axe
15:15 Horse Collar
16:18 Squires
16:48 Bow Saw
24:32 Wheelbarrow
24:40 Heavy Plow
28:27 Caravan
29:11 Scale Mail Armor
29:22 Forging
28:39 Pikeman
33:56 Gambesons
34:28 Chain Mail Armor
34:49 Iron Casting
40:12 Imperial Age
38:31 Gold Mining
39:44 Arson
41:58 Blast Furnace
41:28 Plate Mail Armor
42:35 Elite Varangian Guard
46:21 Conscription
47:12 Scale Barding Armor
49:56 Chain Barding Armor
49:55 Elite Jarl
51:33 Halberdier
DonLeberkaso
2:06 Loom
10:26 Feudal Age
13:24 Double-Bit Axe
17:32 Castle Age
15:18 Horse Collar
16:25 Fletching
18:56 Bow Saw
23:28 Ballistics
24:40 Guard Tower
28:20 Squires
28:09 Arson
28:30 Scale Mail Armor
29:12 Bodkin Arrow
28:46 Pikeman
31:16 Town Watch
32:07 Wheelbarrow
36:42 Imperial Age
36:12 Chain Mail Armor
38:00 Conscription
37:04 Shield Wall
39:37 Chemistry
38:36 Murder Holes
38:56 Masonry
40:43 Bracer
44:24 Keep
45:16 Plate Mail Armor
46:19 Man-at-Arms
46:45 Gambesons
48:36 Architecture
49:30 Arrowslits
Homelander
10:59 Feudal Age
15:20 Castle Age
13:49 Fletching
15:22 Padded Archer Armor
15:25 Double-Bit Axe
16:04 Bodkin Arrow
16:58 Loom
22:56 Ballistics
25:15 Horse Collar
26:56 Leather Archer Armor
31:33 Heavy Plow
38:03 Bow Saw
Adrianca019
12:52 Feudal Age
13:23 Loom
13:51 Double-Bit Axe
13:49 Horse Collar
27:18 Gold Mining
27:21 Stone Mining
29:36 Castle Age
27:36 Arson
30:01 Scale Barding Armor
29:47 Fletching
32:04 Chain Barding Armor
32:31 Husbandry
32:42 Bloodlines
32:35 Heavy Plow
33:09 Padded Archer Armor
34:16 Leather Archer Armor
36:48 Gold Shaft Mining
38:59 Bodkin Arrow
39:15 Squires
40:38 Thumb Ring
43:54 Ballistics
43:45 Masonry
47:11 Imperial Age
44:37 Pikeman
47:58 Wheelbarrow
47:09 Town Watch
47:34 Caravan
48:30 Plate Barding Armor
47:21 Cavalier
48:49 Parthian Tactics
49:06 Bow Saw
One Shoulder 100KG
6:22 Loom
9:41 Feudal Age
10:11 Double-Bit Axe
10:23 Horse Collar
14:07 Forging
15:25 Bloodlines
16:38 Scale Barding Armor
19:30 Gold Mining
21:59 Castle Age
21:23 Wheelbarrow
20:58 Town Watch
21:05 Stone Mining
23:40 Chain Barding Armor
23:24 Husbandry
24:25 Stone Shaft Mining
24:44 Iron Casting
25:17 Hand Cart
30:31 Vendel Legacy
32:45 Fletching
37:50 Heavy Plow
41:39 Imperial Age
39:26 Bodkin Arrow
42:23 Town Patrol
43:00 Plate Barding Armor
43:25 Blast Furnace
42:51 Conscription
43:05 Guilds
44:36 Bow Saw
44:54 Elite Jarl
47:27 Two-Man Saw
48:31 Siege Engineers
48:49 Ballistics
49:31 Chemistry
49:58 Treadmill Crane
50:14 Murder Holes
54:13 Bracer
慢即是快.
5:28 Loom
12:42 Feudal Age
18:12 Castle Age
22:05 Fletching
29:37 Padded Archer Armor
31:54 Double-Bit Axe
32:48 Bloodlines
32:39 Husbandry
34:41 Wheelbarrow
36:26 Forging
36:21 Scale Barding Armor
38:24 Gold Mining
39:29 Chain Barding Armor
39:08 Horse Collar
40:51 Iron Casting
43:40 Imperial Age
41:50 Caravan
43:46 Heavy Plow
44:04 Hand Cart
43:35 Town Watch
44:18 Cavalier
46:59 Blast Furnace
46:34 Plate Barding Armor
47:17 Bow Saw
46:53 Paladin
51:11 Conscription
52:24 Town Patrol
53:36 Chemistry
53:00 Ballistics
TornToast5128
12:30 Feudal Age
17:16 Castle Age
19:37 Wheelbarrow
19:47 Double-Bit Axe
19:44 Horse Collar
22:52 Heavy Plow
25:56 Hand Cart
29:31 Imperial Age
29:54 Pikeman
29:55 Man-at-Arms
30:35 Squires
30:55 Forging
30:46 Scale Mail Armor
31:19 Druzhina
31:40 Conscription
30:47 Halberdier
31:29 Gold Mining
32:34 Crop Rotation
32:17 Bow Saw
32:16 Long Swordsman
33:35 Iron Casting
33:15 Chain Mail Armor
33:18 Two-Handed Swordsman
35:03 Champion
35:32 Capped Ram
36:24 Siege Ram
42:58 Plate Mail Armor
43:28 Blast Furnace
45:25 Fletching
45:43 Detinets
45:52 Stone Mining
46:39 Gold Shaft Mining
49:08 Bodkin Arrow
noob
12:03 Feudal Age
12:47 Horse Collar
14:31 Gold Mining
16:17 Wheelbarrow
18:18 Castle Age
16:23 Stone Mining
17:07 Double-Bit Axe
18:17 Loom
22:29 Heavy Plow
22:56 Bow Saw
24:43 Fletching
27:38 Town Watch
33:06 Scale Barding Armor
34:27 Husbandry
35:14 Ballistics
35:08 Masonry
37:36 Chain Barding Armor
40:44 Imperial Age
38:23 Elite Skirmisher
40:35 Forging
41:01 Bodkin Arrow
41:23 Bloodlines
42:37 Conscription
43:42 Hand Cart
44:39 Crop Rotation
45:47 Padded Archer Armor
46:35 Elite Keshik
48:43 Plate Barding Armor
50:21 Iron Casting
53:34 Blast Furnace
53:12 Bracer
56:00 Chemistry
55:31 Treadmill Crane
Connection lost

Rejoining the realm…

Still unreachable

The connection could not be restored.

Session expired

The server has moved on; the page needs a fresh start.